 Dungeon Crawl Stone Soup version 0.30-a0-168-g0b976cbdc4 (webtiles) character file.

Game seed: 10491723927594567787

40 spiderkeys the Conjurer (level 3, -13/28 HPs)
             Began as a Demonspawn Reaver on Sept 29, 2022.
             Killed by divine providence
             ... invoked by an orc priest
              (15 damage)
             ... on level 3 of the Dungeon.
             The game lasted 00:03:22 (2479 turns).

spiderkeys the Conjurer (Demonspawn Reaver)         Turns: 2479, Time: 00:03:22

Health: -13/28     AC:  3    Str: 14    XL:     3   Next: 30%
Magic:  15/15      EV: 11    Int: 14    God:
Gold:   27         SH:  0    Dex: 11    Spells: 5/6 levels left

rFire   . . .      SeeInvis .    a - +0 hand axe
rCold   . . .      Faith    .    (no shield)
rNeg    . . .      Spirit   .    b - +0 leather armour
rPois   .          Reflect  .    (no helmet)
rElec   .          Harm     .    (no cloak)
rCorr   .          Rampage  .    (no gloves)
Will    .....                    (no boots)
Stlth   +.........               (no amulet)
HPRegen 0.09/turn                W - ring of magical power
MPRegen 0.14/turn                (no ring)

@: no status effects
A: powered by pain 1
a: no special abilities


You were on level 3 of the Dungeon.
You visited 1 branch of the dungeon, and saw 3 of its levels.

You collected 27 gold pieces.


Innate Abilities, Weirdness & Mutations

You sometimes gain a little power by taking damage.


   Skills:
 + Level 2.3 Fighting
 + Level 2.9 Axes
 + Level 2.2 Dodging
 + Level 0.7 Shields
 + Level 2.3 Spellcasting
 + Level 3.2 Conjurations


You had 5 spell levels left.
You knew the following spells:

 Your Spells              Type           Power      Damage    Failure   Level
X - Kiss of Death         Conj/Necr      24%        2d7       16%         1

Your spell library contained the following spells:

 Spells                   Type           Power      Damage    Failure   Level
 Momentum Strike          Conj/Tloc      12%        3d8       22%         2
 Hailstorm                Conj/Ice       6%         3d4       41%         3
 Kindle Blastsparks       Fire/Tloc/Air  2%         2d10      65%         3
 Fulminant Prism          Conj/Hex       3%         3d6       83%         4
 Iskenderun's Mystic Bla  Conj/Tloc      6%         2d4       83%         4
 Iskenderun's Battlesphe  Conj           10%        2d6       91%         5
 Arcjolt                  Conj/Air       3%         1d13      99%         5
 Lee's Rapid Deconstruct  Erth           0%         3d5*      100%        5
 Summon Forest            Summ/Tloc      0%         N/A       100%        5
 Summon Mana Viper        Hex/Summ       1%         N/A       100%        5
 Iron Shot                Conj/Erth      3%         9d2       100%        6
 Summon Cactus Giant      Summ           0%         N/A       100%        6
 Spellforged Servitor     Conj/Summ      3%         N/A       100%        7

Inventory:

Hand Weapons
 a - a +0 hand axe (weapon)
Missiles
 h - 8 stones
Armour
 b - a +0 leather armour (worn)
 f - a +0 kite shield
   (You found it on level 1 of the Dungeon)
 l - a +0 leather armour
   (You found it on level 1 of the Dungeon)
 o - a +0 chain mail
   (You found it on level 2 of the Dungeon)
 p - a +0 ring mail
   (You found it on level 2 of the Dungeon)
 r - a +0 leather armour
   (You found it on level 2 of the Dungeon)
Jewellery
 W - a ring of magical power (left hand)
   (You found it on level 1 of the Dungeon)
Scrolls
 c - a scroll of butterflies {unknown}
 g - 2 scrolls of enchant armour {unknown}
 j - a scroll of vulnerability {unknown}
 n - a scroll of identify {unknown}
 s - a scroll of enchant weapon {unknown}
Potions
 d - a potion of brilliance {unknown}
 e - 2 potions of lignification {unknown}
 i - a potion of berserk rage {unknown}
 k - a potion of haste {unknown}
 m - a potion of might {unknown}
 q - a potion of attraction {unknown}

Dungeon Overview and Level Annotations

Branches:
Dungeon (2/15) Zot: 15487

Altars:

Shops:
D:1

= ##########
.........#
.........#
.........#
......)..###
......o@...#######
......{..#.......#
.........#.......#
.........#.......#
.###.#...........#
#.##..#.......# .
#.####.##### ..
...# #.# ### #.#


You could see an orc priest.


Message History

The kobold shouts!
A kobold is nearby!
Okay, then.
A frilled lizard comes into view.
The frilled lizard hisses angrily.
The kobold hits you with a +0 dagger. 😕 HP[-2]
You take 2 damage, and now have 25/27 hp.
You closely miss the kobold. The kobold closely misses you.
You hit the kobold. The kobold closely misses you.
You hit the kobold but do no damage.
The kobold hits you but does no damage. 😕 HP[+1]
You miss the kobold. You miss the frilled lizard.
The kobold closely misses you. The frilled lizard bites you. 😕 HP[-3]
You take 3 damage, and now have 23/27 hp.
You hit the kobold but do no damage. You barely miss the frilled lizard.
The kobold closely misses you. The frilled lizard bites you. 😕 HP[-1]
You take 1 damage, and now have 22/27 hp.
You miss the kobold. You barely miss the frilled lizard.
The kobold closely misses you. The frilled lizard closely misses you.
The kobold barely misses you. The frilled lizard bites you. 😮 HP[-2]
You take 2 damage, and now have 20/27 hp.
You are too injured to fight recklessly!
You are too injured to fight recklessly!
You are too injured to fight recklessly!
You closely miss the frilled lizard. You barely miss the kobold.
The kobold barely misses you. The frilled lizard bites you. 😮 HP[-1]
You take 1 damage, and now have 19/27 hp.
You hit the frilled lizard.
You kill the frilled lizard!
You hit the kobold.
You kill the kobold!
You see here a frilled lizard corpse.
Key pressed, stopping explore.
You see here a frilled lizard corpse.
h - 8 stones (gained 1)
You see here a +0 dagger.
You pick up a book of the Wilderness and begin reading...
You add the spells Summon Forest, Summon Mana Viper and Summon Cactus Giant to your library. 😎 HP[+8]
Your hp is fully restored (27).
Found a stone staircase leading up.
You now have 27 gold pieces (gained 14).
r - a +0 leather armour
s - a scroll labelled LUD OF HEO Key pressed, stopping explore.
Key pressed, stopping explore.
A goblin comes into view. It is wielding a +0 dagger.
A sourceless malevolence fills the Dungeon...
You fall into a shaft and drop 1 floor!
The shaft crumbles and collapses.
You pick up a book of Blasting and begin reading...
You add the spells Kindle Blastsparks, Fulminant Prism, Iskenderun's Mystic Blast and Lee's Rapid Deconstruction to your library.
A rat comes into view.
A rat is nearby!
An orc comes into view. It is wielding a +0 mace.
The orc shouts!
An orc priest comes into view. It is wielding a +0 hand axe.
The orc priest shouts!
An orc wizard comes into view. It is wielding a +0 dagger.
The rat bites you but does no damage.
You barely miss the rat.
The orc wizard shouts!
The rat barely misses you.
The orc priest begins to cast a cantrip, but forgets the words!
You hit the orc. You hit the rat but do no damage.
The rat bites you but does no damage. The orc barely misses you.
The orc wizard casts a spell.
The orc wizard flickers and vanishes!
Deactivating autopickup; reactivate with Ctrl-A.
You hit the orc. You hit the rat.
You kill the rat!
The orc hits you with a +0 mace. 😕 HP[-5]
You take 5 damage, and now have 22/27 hp.
You barely miss the orc. The orc hits you with a +0 mace.
The orc priest calls down the wrath of Beogh upon you.
Pain shoots through your body!
* * * LOW HITPOINT WARNING * * *
😨 HP[-15]
You take 15 damage, and now have 7/27 hp.
MASSIVE DAMAGE!! (PAUSE)
You closely miss the orc. The orc barely misses you.
You hit the orc.
You kill the orc!
The orc priest hits you with a +0 hand axe.
* * * LOW HITPOINT WARNING * * *
😱 HP[-5]
You now have 28 max hp (+1).
You take 5 damage, and now have 2/28 hp.
You hit the orc priest but do no damage.
You hit something.
The orc priest calls down the wrath of Beogh upon you.
Beogh smites you!
Ouch! That really hurt!
You die...

Skill      XL: |  1  2 |
---------------+-------+-----
Dodging        | 2 |  2.2
Fighting       | |  2.3
Axes           | |  2.9
Shields        | |  0.7
Spellcasting   | |  2.3
Conjurations   | |  3.2

Action                   || total
-------------------------++-------
Melee: Hand axe          ||   136
 Cast: Kiss of Death     ||     1
Armor: Leather armour    ||    46
Dodge: Dodged            ||    81
Block: Kite shield       ||    20

Levels and vault maps discovered:
D:1:      evilmike_arrival_plus, layout_basic,
          shapermc_ecumenical_altar_flowoftime, serial_shops, shop
D:2:      layout_basic, basic_altar
D:3:      layout_rooms, serial_shops, shop, minmay_crystal_room,
          minmay_fractal_squares_diagonal_5, uniq_jessica

Notes
Turn   | Place    | Note
-------+----------+-------------------------------------------
     0 | D:1      | spiderkeys the Demonspawn Reaver began the quest for the
                  | Orb.
     0 | D:1      | Reached XP level 1. HP: 16/16 MP: 3/3
     0 | D:1      | magus.rc [v1.11.3]
    10 | D:1      | You pick up a book of Power and begin reading...
    10 | D:1      | You add the spells Iskenderun's Battlesphere, Arcjolt, Iron
                  | Shot and Spellforged Servitor to your library.
    74 | D:1      | HP: 3/16 [goblin/+0 club (2)]
    78 | D:1      | Gained mutation: You sometimes gain a little power by
                  | taking damage. [demonic ancestry]
    78 | D:1      | Reached XP level 2. HP: 3/22 MP: 5/5
   516 | D:1      | Reached skill level 2 in Dodging
  1574 | D:1      | Found a faded altar of an unknown god.
  1634 | D:1      | Found Qadeug's Jewellery Boutique.
  1734 | D:1      | Reached XP level 3. HP: 27/27 MP: 6/6
  2343 | D:2      | You pick up a book of the Wilderness and begin reading...
  2343 | D:2      | You add the spells Summon Forest, Summon Mana Viper and
                  | Summon Cactus Giant to your library.
  2465 | D:2      | You fall into a shaft and drop 1 floor!
  2468 | D:3      | You pick up a book of Blasting and begin reading...
  2468 | D:3      | You add the spells Kindle Blastsparks, Fulminant Prism,
                  | Iskenderun's Mystic Blast and Lee's Rapid Deconstruction to
                  | your library.
  2478 | D:3      | HP: 2/27 [orc priest/+0 hand axe (6)]
  2479 | D:3      | Killed from afar by an orc priest

Vanquished Creatures
  An orc (D:3)
  2 ball pythons (D:1)
  3 endoplasms (D:1)
  3 giant cockroaches (D:1)
  3 goblins (D:1)
  4 hobgoblins (D:1)
  5 kobolds
  4 quokkas
  2 bats
  3 frilled lizards
  5 rats
35 creatures vanquished.

Vanquished Creatures (others)
  7 plants (D:1)
  9 withered plants (D:1)
16 creatures vanquished.

Grand Total: 51 creatures vanquished

Table legend:
 A = Non-vault XP
 B = Vault XP
 C = Vault XP percentage of total XP
 D = Non-vault monster count
 E = Vault monster count
 F = Vault count percentage of total count
                 A         B        C        D         E       F
            +---------+---------+-------+---------+---------+-------
      Total |      58 |       0 |   0.0 |      35 |       0 |   0.0
            +---------+---------+-------+---------+---------+-------
        D:1 |      44 |       0 |   0.0 |      27 |       0 |   0.0
        D:2 |      10 |       0 |   0.0 |       6 |       0 |   0.0
        D:3 |       4 |       0 |   0.0 |       2 |       0 |   0.0
            +---------+---------+-------+---------+---------+-------

Illustrated notes

Table legend:
 A = Kills in this place as a percentage of kills in entire the game.
 B = Kills by you in this place as a percentage of kills by you in the entire game.
 C = Kills by friends in this place as a percentage of kills by friends in the entire game.
 D = Other kills in this place as a percentage of other kills in the entire game.
 E = Experience gained in this place as a percentage of experience gained in the entire game.
 F = Experience gained in this place divided by the number of levels of this place that you have seen.
                   A       B       C       D       E      F
               +-------+-------+-------+-------+-------+----------------------
         Total | 100.0 | 100.0 |   N/A |   N/A | 100.0 |  19.3
       Dungeon | 100.0 | 100.0 |   N/A |   N/A | 100.0 |  19.3
               +-------+-------+-------+-------+-------+----------------------

Table legend: (Time is in decaauts)
 A = Elapsed time spent in this place.
 B = Non-inter-level travel time spent in this place.
 C = Inter-level travel time spent in this place.
 D = Time resting spent in this place.
 E = Time spent auto-exploring this place.
 F = Levels seen in this place.
 G = Mean time per level.
                   A        B        C        D        E       F      G
               +--------+--------+--------+--------+--------+-----+--------+
         Total |   2511 |   2449 |     62 |    205 |   1917 |   3 |  837.0 |
       Dungeon |   2511 |   2449 |     62 |    205 |   1917 |   3 |  837.0 |
               +--------+--------+--------+--------+--------+-----+--------+

Top non-repeatable levels by time:
     D:1: 1846 daAuts
     D:2: 650 daAuts
     D:3: 14 daAuts
